Cogmind - Beta 10.2 @@@ ROGUE MODE // 2020.11.15 @ 08:12:57 // Halloween2020/ForbiddenLore Player: Agave Result: Destroyed by D-53 Grenadier with Mini Grenade Launcher Performance ------------- Evolutions (0) 0 Regions Visited (2) 400 Robots Destroyed (11) 55 Value Destroyed (227) 227 Prototype IDs (0) 0 Alien Tech Used (0) 0 Bonus (0) 0 TOTAL SCORE: 682 Bonus ------- None Cogmind --------- Core Integrity 0/250 Matter 188/300 Energy 100/100 System Corruption 0% Temperature Cool (2) Movement Core (350) Ox6 Location -10/Mines Parts ------- > --- POWER (1) -------- (None) > --- PROPULSION (2) --- (None) > --- UTILITY (2) ------ Medium Storage Unit Medium Storage Unit > --- WEAPON (2) ------- Rocket Launcher > --- INVENTORY (12) --- Light Treads Light Treads Large Storage Unit Medium Matter Pod (100) Sensor Array EM Pulse Gun Autogun Autogun Mining Laser Peak State ------------ > --- POWER ------------ Light Ion Engine > --- PROPULSION ------- Aluminum Leg Aluminum Leg > --- UTILITY ---------- Small Storage Unit Small Storage Unit > --- WEAPON ----------- EM Pulse Gun Autogun > --- INVENTORY -------- Light Treads Light Treads Sensor Array Autogun Rocket Launcher Rocket Launcher Mining Laser [Rating: 9] Favorites ----------- Power Light Ion Engine Engine Light Ion Engine Propulsion Aluminum Leg Leg Aluminum Leg Utility Small Storage Unit Storage Small Storage Unit Weapon EM Pulse Gun Energy Gun EM Pulse Gun Ballistic Gun Light Assault Rifle Launcher Grenade Launcher Build | -11 -10 -10 ------- Run | Scr Mat Min Slots Evolved . | . . . Power . | . . . Propulsion . | . . . Utility . | . . . Weapon . | . . . Parts Attached 17 | 6 8 3 Power 2 | 1 1 . Engine 2 | 1 1 . Core . | . . . Reactor . | . . . Propulsion 3 | 2 1 . Treads . | . . . Leg 3 | 2 1 . Wheel . | . . . Hover . | . . . Flight . | . . . Utility 4 | 2 2 . Device . | . . . Storage 4 | 2 2 . Processor . | . . . Hackware . | . . . Protection . | . . . Artifact . | . . . Weapon 8 | 1 4 3 Energy Gun 2 | 1 1 . Energy Cannon . | . . . Ballistic Gun 3 | . 3 . Ballistic Cannon . | . . . Launcher 3 | . . 3 Special Weapon . | . . . Impact Weapon . | . . . Slashing Weapon . | . . . Piercing Weapon . | . . . Special Melee Weapon . | . . . Unidentified Prototypes . | . . . Parts Lost 8 | . 2 6 Power 2 | . 1 1 Propulsion 2 | . . 2 Utility . | . . . Weapon 4 | . 1 3 Highest Loss Streak 6 | . 1 6 Average Slot Usage (%) 96 | . 97 92 Engine 13 | . 14 11 Leg 27 | . 28 25 Storage 28 | . 28 28 Energy Gun 12 | . 14 4 Ballistic Gun 11 | . 11 12 Launcher 1 | . . 9 Naked Turns . | . . . Heaviest Build 25 | 15 24 25 Greatest Support 20 | 20 20 20 Greatest Overweight (x) 1 | . 1 1 Average Overweight (x) . | . . 1 Largest Inventory Capacity 12 | 8 12 12 Average Capacity 8 | 6 8 12 Most Carried 11 | 4 11 11 Average Carried 6 | 2 5 10 Final Capacity 12 | 8 12 12 Final Carried 11 | 3 11 9 Class Distribution -------------------- 100% | Mutant Dominant Class ---------------- Mutant | -10/Materials Mutant | -10/Mines Resources | -11 -10 -10 ----------- Run | Scr Mat Min Matter Collected 492 | 260 232 . Remotely . | . . . Salvage Created 456 | 90 356 10 Parts 22 | 3 19 . Haulers Intercepted . | . . . Recyclers Shooed . | . . . Parts Field Recycled . | . . . Retrieved Matter . | . . . Parts Self-Destructed . | . . . Prevented . | . . . Kills | -11 -10 -10 ------- Run | Scr Mat Min Combat Hostiles Destroyed 13 | . 8 5 Guns 8 | . 8 . AOE 5 | . . 5 Classes Destroyed 5 | 1 3 1 Recycler 2 | 1 1 . Watcher 1 | . 1 . Swarmer 4 | . 4 . Grunt 4 | . 4 . Assembled 5 | . . 5 Best Kill Streak 5 | 1 4 5 Combat Bots Only 5 | . 4 5 Max Kills in Single Turn 3 | 1 1 3 Gunslinging . | . . . Exploded 3 | . . 3 Melee . | . . . Uniques/NPCs Destroyed . | . . . Combat | -11 -10 -10 -------- Run | Scr Mat Min Damage Taken 1153 | . 381 772 Core 260 | . 65 195 Absorbed by Shields . | . . . Core Remaining (%) 100 | 100 . . Volleys Fired 53 | 3 35 15 Largest 2 | 1 2 2 Hottest 60 | 40 60 53 Shots Fired 84 | 3 65 16 Gun 77 | 3 65 9 Cannon . | . . . Launcher 7 | . . 7 Special . | . . . Kinetic 39 | . 30 9 Thermal . | . . . Explosive 7 | . . 7 Electromagnetic 38 | 3 35 . Robot Hit Streak 14 | 3 14 4 Robot Miss Streak 4 | . 4 4 Penetration Max . | . . . Secondary Targets . | . . . Shots Hit Robots 48 | 3 36 9 Core Hits 34 | 1 17 16 Critical Hits . | . . . Critical Kills . | . . . Critical Parts Destroyed . | . . . Melee Attacks . | . . . Impact . | . . . Slashing . | . . . Piercing . | . . . Sneak Attacks . | . . . Combat Hostiles . | . . . Follow-up Attacks . | . . . Damage Inflicted 1199 | 42 545 612 Guns 623 | 42 475 106 Cannons . | . . . Explosions 576 | . 70 506 Melee . | . . . Ramming . | . . . Kinetic 203 | . 97 106 Thermal 70 | . 70 . Explosive 506 | . . 506 Electromagnetic 420 | 42 378 . Impact . | . . . Slashing . | . . . Piercing . | . . . Highest Corruption . | . . . Average Corruption . | . . . Corruption Purged . | . . . Overload Shots . | . . . Overflow Damage 27 | . 4 23 Projectiles . | . . . Explosions 27 | . 4 23 Melee . | . . . Knockbacks . | . . . Impact . | . . . Kinetic . | . . . Secondary . | . . . Self-Inflicted Damage 68 | . 12 56 Shots 3 | . 1 2 Rammed . | . . . Targets Rammed . | . . . Kicked . | . . . Crushed . | . . . Highest Temperature 58 | . 58 12 Average Temperature 18 | . 19 5 Received Heat Transfer 161 | . 141 20 Siege Activations . | . . . Robots Corrupted . | . . . Combat Hostiles . | . . . Parts Fried . | . . . Impact Corruptions . | . . . Robots Melted . | . . . Combat Hostiles . | . . . Parts Melted . | . . . Heat Transferred 100 | . 100 . Parts Sabotaged . | . . . Parts Stolen . | . . . Parts Stripped . | . . . Power Chain Reactions 2 | . 2 . Missiles Intercepted . | . . . Alert | -11 -10 -10 ------- Run | Scr Mat Min Peak Influence 206 | 5 206 . Initial 3 | . 3 . Average 94 | 3 113 . Maximum Alert Level 1 | . 1 . Low Security (%) 96 | 100 95 100 Level 1 3 | . 4 . Level 2 . | . . . Level 3 . | . . . Level 4 . | . . . Level 5 . | . . . High Security . | . . . Max Security . | . . . Squads Dispatched 1 | . 1 . Investigation . | . . . Extermination . | . . . Reinforcement 1 | . 1 . Assault . | . . . Garrison . | . . . Intercept . | . . . Construction Impeded . | . . . Haulers Reinforced . | . . . Stealth | -11 -10 -10 --------- Run | Scr Mat Min Distress Signals 1 | . 1 . Communications Jammed . | . . . Distress Signals . | . . . Times Spotted 25 | . 16 9 Peak Tracking Total 6 | . 4 6 Tactical Retreats 2 | . 2 . Traps | -11 -10 -10 ------- Run | Scr Mat Min Traps Triggered . | . . . Indirectly . | . . . Trap Hack Attempts . | . . . Triggered . | . . . Disarmed . | . . . Reprogrammed . | . . . Reused . | . . . Traps Extracted . | . . . Installed . | . . . Triggered . | . . . Machines | -11 -10 -10 ---------- Run | Scr Mat Min Machines Disabled 1 | . 1 . Max in Single Turn 1 | . 1 . Machines Sabotaged . | . . . Garrisons Compromised . | . . . Overloaded Fab Kills . | . . . Fab Network Shutdowns . | . . . Hacking | -11 -10 -10 --------- Run | Scr Mat Min Machines Accessed 4 | . 4 . Terminals 4 | . 4 . Fabricators . | . . . Repair Stations . | . . . Recycling Units . | . . . Scanalyzers . | . . . Garrison Access . | . . . Total Hacks 11 | . 11 . Successful 6 | . 6 . Failed 5 | . 5 . Catastrophic 1 | . 1 . Database Lockouts . | . . . Manual 7 | . 7 . Terminals 11 | . 11 . Fabricators . | . . . Repair Stations . | . . . Recycling Units . | . . . Scanalyzers . | . . . Garrison Access . | . . . Terminal Hacks 2 | . 2 . Registered Components 1 | . 1 . Zone Layout 1 | . 1 . Fabricator Hacks . | . . . Repair Station Hacks . | . . . Recycling Unit Hacks . | . . . Scanalyzer . | . . . Garrison Access Hacks . | . . . Unauthorized Hacks 4 | . 4 . Terminals 4 | . 4 . Track 1 | . 1 . Botnet 3 | . 3 . Fabricators . | . . . Repair Stations . | . . . Recycling Units . | . . . Scanalyzers . | . . . Garrison Access . | . . . Data Cores Recovered . | . . . Used . | . . . Hacking Detections 4 | . 4 . Full Trace Events . | . . . Feedback Events . | . . . Feedback Blocked . | . . . Robot Schematics Acquired . | . . . Robots Built . | . . . Matter . | . . . Time . | . . . Total Robot Build Rating . | . . . Part Schematics Acquired . | . . . Parts Built . | . . . Matter . | . . . Time . | . . . Total Part Build Rating . | . . . Parts Repaired . | . . . Time . | . . . Parts Recycled . | . . . Recycled Matter . | . . . Retrieved Matter . | . . . Retrieved Components . | . . . Parts Scanalyzed . | . . . Part Schematics Acquired . | . . . Parts Damaged . | . . . Bothacking | -11 -10 -10 ------------ Run | Scr Mat Min Used RIF Installer . | . . . Robots Hacked . | . . . Non-combat . | . . . Combat . | . . . Robot Hacks Applied . | . . . Relay Couplers Released . | . . . Robots Rewired . | . . . Allies Hacked . | . . . Hacks Repelled . | . . . Allies | -11 -10 -10 -------- Run | Scr Mat Min Total Allies . | . . . Largest Group . | . . . Highest-Rated Group . | . . . Highest-Rated Ally . | . . . Total Orders . | . . . Ally Attacks . | . . . Total Damage . | . . . Kills . | . . . Allies Corrupted . | . . . Allies Melted . | . . . Intel | -11 -10 -10 ------- Run | Scr Mat Min Robot Analysis Total . | . . . Derelict Logs Recovered . | . . . Drone Launches . | . . . Drone Recoveries . | . . . Exploration | -11 -10 -10 ------------- Run | Scr Mat Min Turns Passed 1012 | 79 836 97 Spaces Moved 643 | 55 545 43 Core 9 | 9 . . Treads . | . . . Legs 634 | 46 545 43 Wheels . | . . . Hover . | . . . Flight . | . . . Fastest Speed 50 | 50 120 150 Average Speed 125 | 108 124 150 Slowest Speed 150 | 120 150 150 Overloaded Moves . | . . . Propulsion Burnouts . | . . . Robots Hopped . | . . . Cave-ins Triggered . | . . . Exploration Rate (%) 32 | 4 78 16 Regions Visited 2 Branch Regions 1 Pre-discovered Areas . | . . . Known Exits Taken . | . . . Unknown Exits Taken 2 | 1 1 . Scrap Searched . | . . . Spaces Dug . | . . . Terrain Destroyed 51 | . 7 44 Melee . | . . . Projectile . | . . . AOE 51 | . 7 44 Terrain Rammed . | . . . Walls Destroyed . | . . . Machines Disabled . | . . . Actions | -11 -10 -10 --------- Run | Scr Mat Min Total 778 | 71 646 61 Wait 27 | . 27 . Move 641 | 54 544 43 Hop . | . . . Pick Up 29 | 8 21 . Fast Attach 1 | 1 . . Attach 12 | 5 5 2 Detach . | . . . Swap 4 | . 3 1 Drop 11 | . 11 . Fire 53 | 3 35 15 Melee . | . . . Ram . | . . . Kick . | . . . Crush . | . . . Escape Stasis . | . . . Rewire . | . . . Trap . | . . . Miscellaneous . | . . . Route ------- -11/Scrapyard -10/Materials (discovered 3 exits: [*Mat x2] / [*Min]) -10/Mines History --------- Turn | Location | Event 9 | -11/Scrapyard | Discovered new exit (range 16) 80 | -11/Scrapyard | Entered Materials 131 | -10/Materials | Discovered new exit (range 12) 317 | -10/Materials | Build established: Mutant 381 | -10/Materials | Discovered new exit (range 12) 759 | -10/Materials | Discovered new exit (range 7) 916 | -10/Materials | Entered Mines 965 | -10/Mines | Assembled infested the area 997 | -10/Mines | Core integrity fell below 50% 1011 | -10/Mines | Core integrity fell below 20% 1013 | -10/Mines | Destroyed by D-53 Grenadier with Mini Grenade Launcher Last Messages --------------- Something is scanning the area. 00917_ K-01 Serf collects debris. 00965_ ALERT: Infestation in the mines, dispatching Demolisher response squad. 00988_ as-41806 destroyed. 00995_ Lgt. Ion Engine destroyed. 00998_ Destroyed Asb. Hover Unit. 01000_ Autogun destroyed. 01000_ Grenade Launcher destroyed. 01001_ as-34936 destroyed. 01002_ Aluminum Leg destroyed. 01003_ Destroyed Asb. Hover Unit. 01004_ Rocket Launcher destroyed. 01006_ as-67960 destroyed. 01006_ Destroyed Asb. Rifle. 01006_ as-85855 destroyed. 01006_ as-42208 destroyed. 01007_ C-30 ARC bursts open, deploying its payload. 01007_ D-53 Grenadier unfolds itself. 01009_ Aluminum Leg destroyed. Map ----- +----------------------------------------------------+ | ????????????????????????????? | | ????????????????????????????? | | ????????????????????????????? | | ????????????????????????????? | | ????????????????????????????? | | ????????????????????????????? | | ????????????????????????????? | | ????????????????????????????? | | ????????????????????????????? | | ????????????????????????????? | | ????????????????????????????? | | ??????? ???????????????????? | | ?????? ????????????????? | | ?????? ??????????????? | | ?????? ????????????? | | ?????# ????????????? | | ????? ???????????? | | ??### ???????????? | | ??# a ???????????? | | ??# ?????????????? | | ?## #??????????????? | | ## a ????????????????? | | # ##????????????????? | | # ##???????????????? | | # #???????????????? | | @ #???????????????? | | #???????????????? | | #???????????????? | | # #???????????????? | | ## #???????????????? | | ?# ##???????????????? | | ? ##????????????????? | | ? ###?????????????????? | | # ##???????????????????? | | ## dd ##????????????????????? | | ? #?????????????????????? | | ?# ##?????????????????????? | | ? ???????????????????????? | | ?# % ???????????????????????? | | ?# ???????????????????????? | | ?? ##?????????????????????? | | ??# #?????????????????????? | | ??### #?????????????????????? | | ????# ###################### | | ????# | | ????################# ####### | | ????????????????????# #?????? | | ????????????????????# #?????? | | ?????????????????#### ###???? | | ?????????????????# #???? | +----------------------------------------------------+ Best States ------------- Heat Dissipation 25 Energy Generation 10 Energy Capacity 250 Matter Stores 300 Matter Capacity 300 Sight Range 16 Terrain Scan Density 10 Evasion (%) 50 Item Schematics ----------------- None Robot Schematics ------------------ None Fabricated ------------ Nothing Alien Tech Used ----------------- None Achievements -------------- None Challenges ------------ None Game ------ Seed MolecularShieldGravjet Manual? 0 Play Time 00:28:10 Cumulative 52.4 hours Start 2020.11.15 @ 07:33:34 End 2020.11.15 @ 08:12:57 Sessions 1 Manual Loads 0 Difficulty Rogue Special Mode Halloween2020/ForbiddenLore Game No. 76 Rogue 76 Adventurer 0 Explorer 0 Win Type - Total 0 Types 0/0/0/0/0/0/0/0/0 Lore% 16 Gallery% 29 Achievement% 22 Wizard Run 0 Options --------- ASCII 0 Keyboard 0 Movement Mouse Keybinds 0 Fullscreen 1 Font 18/SmallcapsGlow Map View 76x50 Tactical HUD 1 Map Filters NONE Filters NONE Steam 1 RUN: b290fe34-5965-48e5-94c2-81c8dcb58bba